[ AOE2 MATCH · #506942743 ]
UnrankedBulgarians vs Gurjaras
Player's team · WIN
Rival team · LOSS
[ REPLAY ANALYSIS · EXTRACTED FROM THE RECORDED GAME ]
Feudal
9:49
Castle
24:10
Imperial
47:03
| APM avg | 36.4 |
| APM peak | 77 |
| eAPM avg | 20.5 |
| Villagers / military | 168 / 224 |
Focus
⚔️ 37.3% · 🌾 62.7%
Konnik ×121 · Spearman ×78 · Battering Ram ×14 · Militia ×7 · Monk ×3 · Mangonel ×1
Feudal
8:51
Castle
21:57
Imperial
40:46
| APM avg | 43.3 |
| APM peak | 88 |
| eAPM avg | 22.5 |
| Villagers / military | 184 / 168 |
Focus
⚔️ 37.4% · 🌾 62.6%
Camel Scout ×54 · Chakram Thrower ×52 · Scout Cavalry ×21 · Archer ×15 · Petard ×9 · Mangonel ×6
Match map
Initial resources + every placement click. Lines = walls · curves = elevation contours. ◆ gold · ⬟ stone · ● berries · ✦ relic · ◌ wall gap
Your base· ✓ Closed at 24:10 · 29t walls · 1 gate(s)
Marto Uai's base· ✓ Closed at 21:57 · 0t walls · 1 gate(s)
Smoothed initial terrain · ◌ = detected wall gap · hover for details
Inputs per minute
— tekinbey - - Marto Uai
Build order — tekinbey
First 150 of 507 actions detected
| 0:01 | Queue | Villager (Male) |
| 0:01 | Queue | Villager (Male) |
| 0:02 | Queue | Villager (Male) |
| 0:04 | Build | House |
| 0:05 | Build | House |
| 0:23 | Queue | Villager (Male) |
| 0:23 | Queue | Villager (Male) |
| 1:28 | Queue | Villager (Male) |
| 1:28 | Queue | Villager (Male) |
| 2:04 | Queue | Villager (Male) |
| 2:05 | Queue | Villager (Male) |
| 2:06 | Build | Lumber Camp |
| 2:37 | Queue | Villager (Male) |
| 2:37 | Queue | Villager (Male) |
| 2:56 | Queue | Villager (Male) |
| 2:56 | Queue | Villager (Male) |
| 3:09 | Build | House |
| 3:41 | Queue | Villager (Male) |
| 3:41 | Queue | Villager (Male) |
| 3:41 | Queue | Villager (Male) |
| 4:14 | Build | Mill |
| 4:29 | Queue | Villager (Male) |
| 4:32 | Queue | Villager (Male) |
| 5:11 | Queue | Villager (Male) |
| 5:11 | Queue | Villager (Male) |
| 5:30 | Build | Mining Camp |
| 5:31 | Build | Palisade Wall |
| 5:33 | Build | Palisade Wall |
| 5:52 | Build | House |
| 5:59 | Queue | Villager (Male) |
| 6:00 | Queue | Villager (Male) |
| 6:00 | Queue | Villager (Male) |
| 6:47 | Build | Palisade Wall |
| 7:08 | Research | Loom |
| 7:33 | Research | Feudal Age |
| 8:09 | Build | Barracks |
| 8:11 | Build | House |
| 8:41 | Queue | Militia |
| 8:41 | Queue | Militia |
| 8:51 | Build | House |
| 9:09 | Queue | Militia |
| 9:09 | Queue | Militia |
| 9:18 | Build | Palisade Wall |
| 9:22 | Build | Palisade Wall |
| 9:24 | Build | Palisade Wall |
| 9:25 | Build | Palisade Wall |
| 9:33 | Queue | Militia |
| 9:45 | Queue | Villager (Male) |
| 9:49 | Build | House |
| 9:49 | Age | Feudal Age |
| 9:59 | Research | Double-Bit Axe |
| 10:05 | Build | Palisade Wall |
| 10:13 | Queue | Villager (Male) |
| 10:39 | Queue | Spearman |
| 10:50 | Build | Mining Camp |
| 11:07 | Queue | Villager (Male) |
| 11:15 | Queue | Spearman |
| 11:17 | Queue | Villager (Male) |
| 11:37 | Build | Watch Tower |
| 11:55 | Build | House |
| 11:59 | Build | Palisade Gate |
| 12:00 | Build | House |
| 12:02 | Build | Palisade Wall |
| 12:12 | Queue | Villager (Male) |
| 12:28 | Build | Palisade Wall |
| 12:31 | Build | Palisade Wall |
| 12:32 | Build | Palisade Wall |
| 12:33 | Build | Palisade Wall |
| 12:49 | Research | Arson |
| 12:50 | Queue | Villager (Male) |
| 12:50 | Queue | Villager (Male) |
| 12:52 | Research | Horse Collar |
| 13:02 | Queue | Villager (Male) |
| 13:13 | Build | Watch Tower |
| 13:31 | Build | Watch Tower |
| 13:45 | Build | Palisade Wall |
| 14:09 | Queue | Villager (Male) |
| 14:18 | Build | Lumber Camp |
| 14:49 | Build | Palisade Wall |
| 15:01 | Queue | Villager (Male) |
| 15:20 | Queue | Villager (Male) |
| 15:37 | Queue | Villager (Male) |
| 15:45 | Build | Palisade Wall |
| 15:51 | Queue | Villager (Male) |
| 16:18 | Queue | Villager (Male) |
| 16:36 | Build | Market |
| 17:01 | Queue | Militia |
| 17:01 | Queue | Militia |
| 17:15 | Build | Mining Camp |
| 17:17 | Queue | Villager (Male) |
| 17:44 | Build | Palisade Wall |
| 17:53 | Build | Palisade Wall |
| 17:54 | Build | Palisade Wall |
| 17:54 | Build | Palisade Wall |
| 17:55 | Queue | Villager (Male) |
| 17:56 | Queue | Villager (Male) |
| 17:56 | Queue | Villager (Male) |
| 18:01 | Build | Farm |
| 18:01 | Build | Farm |
| 18:01 | Build | Farm |
| 18:01 | Build | Farm |
| 18:02 | Build | Farm |
| 18:02 | Build | Farm |
| 18:02 | Build | Farm |
| 18:02 | Build | Farm |
| 18:03 | Build | Farm |
| 18:25 | Build | House |
| 18:30 | Research | Wheelbarrow |
| 18:31 | Research | Wheelbarrow |
| 18:36 | Build | Blacksmith |
| 18:43 | Build | Palisade Wall |
| 18:44 | Build | Palisade Wall |
| 18:49 | Build | Palisade Wall |
| 19:20 | Build | Watch Tower |
| 19:33 | Build | House |
| 19:51 | Build | Palisade Wall |
| 19:54 | Queue | Villager (Male) |
| 20:05 | Build | Watch Tower |
| 20:07 | Queue | Villager (Male) |
| 20:32 | Build | Farm |
| 20:33 | Build | Farm |
| 20:50 | Queue | Villager (Male) |
| 20:53 | Build | Palisade Wall |
| 20:59 | Build | Palisade Wall |
| 21:00 | Build | Palisade Wall |
| 21:01 | Build | Palisade Wall |
| 21:30 | Research | Castle Age |
| 21:31 | Research | Castle Age |
| 22:09 | Build | Farm |
| 22:11 | Build | Farm |
| 23:04 | Build | Farm |
| 23:07 | Research | Gold Mining |
| 23:08 | Research | Stone Mining |
| 23:32 | Build | Watch Tower |
| 23:44 | Build | Palisade Wall |
| 23:45 | Build | Palisade Wall |
| 23:47 | Build | Palisade Wall |
| 24:02 | Research | Fletching |
| 24:10 | Age | Castle Age |
| 24:39 | Build | Town Center |
| 24:48 | Queue | Villager (Male) |
| 24:48 | Queue | Villager (Male) |
| 25:03 | Build | Krepost |
| 25:04 | Research | Bodkin Arrow |
| 25:06 | Research | Forging |
| 25:06 | Research | Scale Barding Armor |
| 25:07 | Queue | Villager (Male) |
| 25:08 | Research | Bow Saw |
| 25:09 | Research | Heavy Plow |
| 25:10 | Queue | Villager (Male) |
Build order — Marto Uai
First 150 of 565 actions detected
| 0:00 | Queue | Villager (Male) |
| 0:00 | Queue | Villager (Male) |
| 0:01 | Build | House |
| 0:02 | Build | House |
| 0:15 | Queue | Villager (Male) |
| 0:15 | Queue | Villager (Male) |
| 0:49 | Build | Mill |
| 1:41 | Queue | Villager (Male) |
| 1:41 | Queue | Villager (Male) |
| 1:42 | Queue | Villager (Male) |
| 2:03 | Queue | Villager (Male) |
| 2:03 | Queue | Villager (Male) |
| 2:28 | Queue | Villager (Male) |
| 2:28 | Queue | Villager (Male) |
| 3:15 | Queue | Villager (Male) |
| 3:29 | Build | House |
| 3:39 | Queue | Villager (Male) |
| 3:55 | Queue | Villager (Male) |
| 3:55 | Queue | Villager (Male) |
| 4:24 | Build | Lumber Camp |
| 4:34 | Queue | Villager (Male) |
| 4:53 | Queue | Villager (Male) |
| 5:30 | Queue | Villager (Male) |
| 5:57 | Queue | Villager (Male) |
| 6:04 | Research | Loom |
| 6:40 | Research | Feudal Age |
| 8:04 | Build | House |
| 8:05 | Build | Barracks |
| 8:51 | Age | Feudal Age |
| 8:55 | Build | Stable |
| 8:57 | Queue | Villager (Male) |
| 8:59 | Research | Double-Bit Axe |
| 9:15 | Queue | Villager (Male) |
| 9:31 | Build | Farm |
| 9:42 | Queue | Scout Cavalry |
| 9:42 | Queue | Scout Cavalry |
| 9:50 | Build | House |
| 9:54 | Build | Farm |
| 9:56 | Queue | Villager (Male) |
| 9:57 | Queue | Villager (Male) |
| 9:57 | Queue | Villager (Male) |
| 9:59 | Queue | Scout Cavalry |
| 10:09 | Build | Farm |
| 10:23 | Build | House |
| 10:27 | Queue | Villager (Male) |
| 10:32 | Build | Farm |
| 10:43 | Build | House |
| 10:55 | Queue | Villager (Male) |
| 11:04 | Build | Palisade Gate |
| 11:14 | Queue | Villager (Male) |
| 11:24 | Queue | Villager (Male) |
| 11:28 | Build | Archery Range |
| 11:39 | Build | Lumber Camp |
| 11:53 | Queue | Villager (Male) |
| 12:11 | Build | Farm |
| 12:20 | Queue | Villager (Male) |
| 12:25 | Queue | Archer |
| 12:25 | Queue | Archer |
| 12:36 | Build | Farm |
| 12:47 | Queue | Skirmisher |
| 13:02 | Build | Farm |
| 13:20 | Queue | Villager (Male) |
| 13:23 | Build | Farm |
| 13:41 | Build | Watch Tower |
| 13:44 | Build | Blacksmith |
| 13:45 | Queue | Skirmisher |
| 14:03 | Queue | Villager (Male) |
| 14:22 | Queue | Villager (Male) |
| 14:28 | Build | Mining Camp |
| 14:29 | Queue | Villager (Male) |
| 14:43 | Build | Market |
| 14:45 | Queue | Villager (Male) |
| 14:48 | Build | Farm |
| 14:50 | Build | Farm |
| 15:33 | Queue | Villager (Male) |
| 15:49 | Queue | Archer |
| 15:50 | Research | Fletching |
| 15:52 | Queue | Villager (Male) |
| 15:58 | Build | Farm |
| 16:17 | Build | House |
| 16:18 | Queue | Villager (Male) |
| 16:24 | Queue | Archer |
| 16:51 | Build | Mill |
| 16:55 | Research | Wheelbarrow |
| 17:07 | Build | House |
| 17:42 | Queue | Archer |
| 17:49 | Build | House |
| 17:55 | Queue | Villager (Male) |
| 18:30 | Build | Farm |
| 18:36 | Queue | Archer |
| 19:17 | Research | Castle Age |
| 19:30 | Build | Mining Camp |
| 19:43 | Build | Farm |
| 19:48 | Queue | Villager (Male) |
| 19:56 | Research | Forging |
| 19:58 | Queue | Archer |
| 19:59 | Queue | Archer |
| 20:24 | Research | Gold Mining |
| 21:39 | Queue | Villager (Male) |
| 21:57 | Age | Castle Age |
| 21:59 | Build | Siege Workshop |
| 22:04 | Research | Bow Saw |
| 22:05 | Queue | Villager (Male) |
| 22:07 | Research | Crossbowman (upgrade) |
| 22:09 | Research | Bodkin Arrow |
| 22:09 | Research | Bodkin Arrow |
| 22:31 | Build | Town Center |
| 22:38 | Queue | Archer |
| 22:51 | Build | Farm |
| 23:18 | Queue | Villager (Male) |
| 23:21 | Build | Farm |
| 23:42 | Build | Farm |
| 23:44 | Build | Lumber Camp |
| 23:52 | Build | Farm |
| 23:53 | Queue | Armored Elephant |
| 24:07 | Queue | Villager (Male) |
| 24:07 | Queue | Villager (Male) |
| 24:11 | Queue | Villager (Male) |
| 24:22 | Queue | Villager (Male) |
| 24:27 | Queue | Villager (Male) |
| 24:52 | Build | Farm |
| 24:52 | Queue | Villager (Male) |
| 25:00 | Queue | Villager (Male) |
| 25:01 | Queue | Villager (Male) |
| 25:03 | Build | House |
| 25:05 | Build | House |
| 25:06 | Build | House |
| 25:07 | Build | House |
| 25:52 | Build | House |
| 25:53 | Queue | Villager (Male) |
| 25:53 | Queue | Villager (Male) |
| 25:56 | Build | Mill |
| 26:03 | Queue | Archer |
| 26:03 | Queue | Archer |
| 26:09 | Build | Farm |
| 26:10 | Queue | Villager (Male) |
| 26:12 | Queue | Archer |
| 26:13 | Queue | Archer |
| 26:29 | Queue | Villager (Male) |
| 26:30 | Build | Farm |
| 26:33 | Build | Farm |
| 26:45 | Queue | Villager (Male) |
| 26:46 | Build | House |
| 27:11 | Research | Hand Cart |
| 27:14 | Queue | Villager (Male) |
| 27:14 | Queue | Villager (Male) |
| 27:22 | Build | House |
| 27:39 | Queue | Archer |
| 27:39 | Queue | Archer |
| 28:01 | Queue | Villager (Male) |
Match timeline
| 5:31 | tekinbey · wall_segment Palisade Wall x1 |
| 5:33 | tekinbey · wall_segment Palisade Wall x1 |
| 6:47 | tekinbey · wall_segment Palisade Wall x1 |
| 8:05 | Marto Uai · first_building Barracks |
| 8:09 | tekinbey · first_building Barracks |
| 8:51 | Marto Uai · age_up feudal |
| 8:55 | Marto Uai · first_building Stable |
| 9:18 | tekinbey · wall_segment Palisade Wall x1 |
| 9:22 | tekinbey · wall_segment Palisade Wall x1 |
| 9:24 | tekinbey · wall_segment Palisade Wall x1 |
| 9:25 | tekinbey · wall_segment Palisade Wall x1 |
| 9:49 | tekinbey · age_up feudal |
| 10:05 | tekinbey · wall_segment Palisade Wall x1 |
| 11:28 | Marto Uai · first_building Archery Range |
| 12:02 | tekinbey · wall_segment Palisade Wall x1 |
| 12:28 | tekinbey · wall_segment Palisade Wall x1 |
| 12:31 | tekinbey · wall_segment Palisade Wall x1 |
| 12:32 | tekinbey · wall_segment Palisade Wall x1 |
| 12:33 | tekinbey · wall_segment Palisade Wall x1 |
| 13:45 | tekinbey · wall_segment Palisade Wall x1 |
| 14:49 | tekinbey · wall_segment Palisade Wall x1 |
| 15:45 | tekinbey · wall_segment Palisade Wall x1 |
| 15:48 | Marto Uai · first_market_sell 100 wood |
| 17:44 | tekinbey · wall_segment Palisade Wall x1 |
| 17:53 | tekinbey · wall_segment Palisade Wall x1 |
| 17:54 | tekinbey · wall_segment Palisade Wall x1 |
| 17:54 | tekinbey · wall_segment Palisade Wall x1 |
| 18:08 | Marto Uai · first_market_buy 100 food |
| 18:43 | tekinbey · wall_segment Palisade Wall x1 |
| 18:44 | tekinbey · wall_segment Palisade Wall x1 |
| 18:49 | tekinbey · wall_segment Palisade Wall x1 |
| 19:51 | tekinbey · wall_segment Palisade Wall x1 |
| 20:53 | tekinbey · wall_segment Palisade Wall x1 |
| 20:59 | tekinbey · wall_segment Palisade Wall x1 |
| 21:00 | tekinbey · wall_segment Palisade Wall x1 |
| 21:01 | tekinbey · wall_segment Palisade Wall x1 |
| 21:27 | tekinbey · first_market_buy 100 food |
| 21:29 | tekinbey · first_market_sell 100 wood |
| 21:57 | Marto Uai · age_up castle |
| 21:59 | Marto Uai · first_building Siege Workshop |
| 23:44 | tekinbey · wall_segment Palisade Wall x1 |
| 23:45 | tekinbey · wall_segment Palisade Wall x1 |
| 23:47 | tekinbey · wall_segment Palisade Wall x1 |
| 24:10 | tekinbey · age_up castle |
| 25:03 | tekinbey · first_building Krepost |
| 25:54 | tekinbey · first_building Siege Workshop |
| 32:27 | Marto Uai · first_building Castle |
| 32:30 | Marto Uai · first_building Monastery |
| 32:38 | tekinbey · first_building Monastery |
| 39:43 | tekinbey · first_building Stable |
| 40:46 | Marto Uai · age_up imperial |
| 47:03 | tekinbey · age_up imperial |
| 55:34 | Marto Uai · resign |
[ AI ANALYSIS · 1 CREDIT ]
What really happened in this match?
Wolo.gg analyzes every decision: build order, eco, micro, common mistakes by bracket. Personalized analysis on WhatsApp or Discord in 30 seconds.
Civ guide
Bulgarians
Perfil
Jugador #10723084